 Dungeon Crawl Stone Soup version 0.30-a0-879-ga8ba668304 (webtiles) character file.

Game seed: 13721286443470756974

676 Axe the Chopper (level 7, -2/61 HPs)
             Began as a Minotaur Gladiator on Mar 12, 2023.
             Slain by a lemure (8 damage)
             ... led by Pikel
             ... on level 4 of the Dungeon.
             The game lasted 00:06:00 (3388 turns).

Axe the Chopper (Minotaur Gladiator)                Turns: 3388, Time: 00:06:00

Health: -2/61      AC:  9    Str: 20    XL:     7   Next: 33%
Magic:  0/6        EV:  8    Int:  5    God:
Gold:   176        SH:  0    Dex: 12    Spells: 6/6 levels left

rFire   . . .      SeeInvis .    a - +0 war axe
rCold   . . .      Faith    .    (no shield)
rNeg    . . .      Spirit   +    p - +0 chain mail
rPois   .          Reflect  .    c - +0 hat
rElec   .          Rampage  .    q - scarf {shadows}
rCorr   .                        h - +0 pair of gloves
Will    +....                    (no boots) Stlth
                                 y - amulet of guardian spirit
HPRegen 0.30/turn                n - ring of willpower
MPRegen 0.10/turn                (no ring)

@: mighty
A: horns 2, retaliatory headbutt
a: no special abilities


You were on level 4 of the Dungeon.
You visited 1 branch of the dungeon, and saw 6 of its levels.

You collected 203 gold pieces.
You spent 27 gold pieces at shops.

Inventory:

Hand Weapons
 a - a +0 war axe (weapon)
Missiles
 d - 3 throwing nets (quivered)
 e - a javelin
 m - 12 poisoned darts
Armour
 c - a +0 hat (worn)
 h - a +0 pair of gloves (worn)
 p - a +0 chain mail (worn)
 q - a scarf of shadows (worn)
Jewellery
 n - a ring of willpower (left hand)
 s - a +6 ring of intelligence
 y - an amulet of guardian spirit (around neck)
Scrolls
 b - a scroll of fear {unknown}
 g - a scroll of vulnerability {unknown}
 j - 3 scrolls of amnesia {unknown}
 k - a scroll of torment {unknown}
 l - 4 scrolls of teleportation {unknown}
 t - a scroll of magic mapping {unknown}
 u - a scroll of enchant weapon {unknown}
 x - a scroll of immolation {unknown}
 A - a scroll of enchant armour {unknown}
 D - a scroll of identify {unknown}
Potions
 i - 2 potions of attraction {unknown}
 o - a potion of might
 r - a potion of brilliance {unknown}
 v - 2 potions of lignification {unknown}
 w - 2 potions of flight {unknown}
 z - a potion of invisibility {unknown}
 B - a potion of curing {unknown}
 C - a potion of resistance {unknown}


   Skills:
 + Level 5.3 Fighting
 * Level 7.8 Axes
 + Level 4.3 Throwing
 + Level 0.0 Armour
 + Level 3.2 Dodging


You had 6 spell levels left.
You didn't know any spells.
Your spell library contained the following spells:

 Spells                   Type           Power      Damage    Failure   Level
 Cigotuvi's Dreadful Rot  Necr/Pois/Air  0%         N/A       100%        2
 Poisonous Vapours        Pois/Air       0%         N/A       100%        2
 Mephitic Cloud           Conj/Pois/Air  0%         N/A       100%        3


Dungeon Overview and Level Annotations

Branches:
Dungeon (6/15)
 Temple: D:4-7

Altars:
Makhleb
Nemelex Xobeh

Shops:
D:1 ?   D:2 *

Annotations:
D:4 Pikel


Innate Abilities, Weirdness & Mutations

You have a pair of horns on your head.
You reflexively headbutt those who attack you in melee.


Message History

Pikel is moderately wounded.
You hit the lemure but do no damage. x2; You slash the lemure!
You miss the lemure. Pikel hits you but does no damage.
The lemure hits you but does no damage. The lemure misses you.
The lemure closely misses you. You furiously retaliate!
You headbutt the lemure! The lemure hits you but does no damage.
You barely miss Pikel.
Pikel is moderately wounded.
You barely miss the lemure. You hit the lemure. You closely miss the lemure.
You barely miss the lemure. The lemure misses you. The lemure hits you. x2
The lemure hits you!
* * * LOW HITPOINT WARNING * * *
Pikel closely misses you. You furiously retaliate!
You headbutt Pikel! You hit Pikel but do no damage. Your punch misses Pikel.
Pikel is heavily wounded.
You hit the lemure. You barely miss the lemure. You hit the lemure. x2
The lemure hits you.
* * * LOW HITPOINT WARNING * * *
The lemure hits you but does no damage. The lemure barely misses you.
The lemure hits you.
* * * LOW HITPOINT WARNING * * *
Pikel hits you with a +0 whip of flaming.
* * * LOW HITPOINT WARNING * * *
Pikel burns you.
* * * LOW HITPOINT WARNING * * *
Pikel attacks as you move away! Pikel hits you but does no damage.
You feel very mighty all of a sudden. The lemure hits you.
* * * LOW HITPOINT WARNING * * *
The lemure closely misses you. The lemure hits you but does no damage.
You closely miss Pikel. Your headbutt misses Pikel.
Pikel is moderately wounded.
You closely miss the lemure. You slash the lemure! x2
The lemure barely misses you. The lemure hits you but does no damage.
Pikel hits you with a +0 whip of flaming.
* * * LOW HITPOINT WARNING * * *
Pikel burns you.
* * * LOW HITPOINT WARNING * * *
The lemure hits you!
You die...

....#......# ....+......#
#.(...... ....#......#
#.(....." #####......#
#......... ...........#
#..$......
...†.......#+###.(.......
.....#####......5........
.....+ #.....5K5........
.....# #......@5.........
.....# #.................
.....# #.................
.....# #.................
.....# #................
.....# ####+####.....##
.<...+ #.....# .....#
#.....# .....# #.....#


You could see Pikel and 4 lemures.

Vanquished Creatures
  Sigmund (D:4)
  An ogre (D:5)
  A scorpion (D:4)
  A jelly (D:4)
  A hound (D:3)
  An orc priest (D:4)
  Jessica (D:2)
  Natasha (twice) (D:2)
  An iguana (D:4)
  2 orc wizards (D:4)
  4 adders
  5 worms
  A dart slug (D:2)
  10 orcs
  8 ball pythons
  3 bats
  3 endoplasms
  A giant cockroach (D:2)
  A hobgoblin (D:4)
  9 jackals
  7 kobolds
  2 quokkas
  6 frilled lizards
  6 goblins
  7 rats
85 creatures vanquished.

Notes
Turn   | Place    | Note
-------+----------+-------------------------------------------
     0 | D:1      | Axe the Minotaur Gladiator began the quest for the Orb.
     0 | D:1      | Reached XP level 1. HP: 18/18 MP: 0/0
    51 | D:1      | Reached skill level 4 in Axes
    53 | D:1      | Reached XP level 2. HP: 22/25 MP: 1/1
   278 | D:1      | Found Newoit's Magic Scroll Boutique.
   736 | D:2      | Reached XP level 3. HP: 27/31 MP: 2/2
   904 | D:2      | Found a faded altar of an unknown god.
   997 | D:2      | Noticed Natasha
  1002 | D:2      | Killed Natasha
  1003 | D:2      | Reached skill level 5 in Axes
  1003 | D:2      | Reached XP level 4. HP: 37/38 MP: 3/3
  1065 | D:2      | Noticed Jessica
  1073 | D:2      | Killed Jessica
  1107 | D:2      | Found Uveut's Assorted Antiques.
  1183 | D:2      | Noticed Natasha
  1194 | D:2      | Killed Natasha
  1195 | D:2      | Reached XP level 5. HP: 37/46 MP: 4/4
  1317 | D:2      | Bought a scroll labelled FOMAPL WORIPP for 27 gold pieces
  1627 | D:3      | You fall into a shaft and drop 3 floors!
  1635 | D:6      | Noticed an orc warrior
  1645 | D:5      | Entered Level 5 of the Dungeon
  1645 | D:5      | Noticed an ogre
  1656 | D:5      | Killed an ogre
  1657 | D:5      | Reached skill level 6 in Axes
  1814 | D:5      | Found a sparkling altar of Nemelex Xobeh.
  1816 | D:5      | Noticed an ogre
  1831 | D:4      | Reached XP level 6. HP: 14/53 MP: 5/5
  2975 | D:4      | Reached skill level 7 in Axes
  2981 | D:4      | Reached skill level 5 in Fighting
  2981 | D:4      | Reached XP level 7. HP: 10/61 MP: 4/6
  3226 | D:4      | Found a burning altar of Makhleb.
  3272 | D:4      | Noticed Sigmund
  3281 | D:4      | Killed Sigmund
  3373 | D:4      | Noticed Pikel
  3388 | D:4      | Slain by a lemure

Illustrated notes

Levels and vault maps discovered:
D:1:      dpeg_arrival_central, layout_loops_cross, serial_shops,
          nicolae_shop_behind_doors
D:2:      minmay_chambers_of_twos, layout_basic, ebering_ecumenical_altar_hall,
          serial_shops, nicolae_shop_statue_plus, uniq_natasha, uniq_jessica
D:3:      layout_loops_cross
D:4:      layout_gridville, vehumet_altar_wand_db,
          nicolae_overflow_hidden_temple, zin_statuary, tgw_trog,
          kennysheep_generic_room_8, uniq_pikel, uniq_sigmund
D:5:      layout_basic, lemuel_crystal_altar,
          mainiacjoe_overflow_large_starburst, temple_green,
          gammafunk_ghost_grave, uniq_crazy_yiuf_cottage, uniq_grinder
D:6:      layout_loops_cross, minmay_misc_feat_cross

Skill      XL: |  1  2  3  4  5  6 |
---------------+-------------------+-----
Axes           | 4 5 6 7 |  7.8
Fighting       | 3 4 5 |  5.3
Throwing       | 3 4 |  4.3
Dodging        | |  3.2

Action                     |  1- 3 |  4- 6 |  7- 9 || total
---------------------------+-------+-------+-------++-------
  Melee: War axe           |    70 |    91 |    20 ||   181
         Headbutt          |    10 |    16 |     2 ||    28
         Punch             |       |       |     1 ||     1
  Throw: Dart              |     6 |    16 |     6 ||    28
    Use: Potion            |       |     1 |     1 ||     2
   Stab: Invisible         |       |     1 |       ||     1
 Armour: Leather armour    |    14 |       |       ||    14
         Ring mail         |     9 |       |       ||     9
         Chain mail        |       |    67 |    14 ||    81
  Dodge: Dodged            |    38 |    45 |    12 ||    95

Table legend: (Time is in decaauts)
 A = Elapsed time spent in this place.
 B = Non-inter-level travel time spent in this place.
 C = Inter-level travel time spent in this place.
 D = Time resting spent in this place.
 E = Time spent auto-exploring this place.
 F = Levels seen in this place.
 G = Mean time per level.
                   A        B        C        D        E       F      G
               +--------+--------+--------+--------+--------+-----+--------+
         Total |   3422 |   3342 |     80 |    771 |   1896 |   6 |  570.3 |
       Dungeon |   3422 |   3342 |     80 |    771 |   1896 |   6 |  570.3 |
               +--------+--------+--------+--------+--------+-----+--------+

Top non-repeatable levels by time:
     D:4: 876 daAuts
     D:3: 819 daAuts
     D:2: 791 daAuts
     D:1: 741 daAuts
     D:5: 176 daAuts
     D:6: 17 daAuts
